AoeStats
← Niqqle

Arabia

504771435Analyzed
1v1 RM · 26d ago on Sep 6, 2026· 41m 23s· 2 players
Game mode
Random Map
Map size
Tiny (2 player)
Population
200
Speed
Normal
Resources
Standard
Victory
Conquest
Starting age
Dark Age
Ending age
Imperial Age
RankedLock teamsTeams togetherTeam positionsShared explorationLock speedFull tech treeHidden civsTurbo modeCheats
Victory
Defeat
🇬🇧 Poles · United Kingdom
909
+15
🇳🇴 Celts · Norway
887
-29
Niqqle
11:05 Feudal Age
9:21 Loom
11:17 Man-at-Arms
12:13 Double-Bit Axe
15:49 Fletching
16:34 Padded Archer Armor
24:08 Castle Age
24:15 Crossbowman
27:27 Bodkin Arrow
27:47 Leather Archer Armor
34:47 Ballistics
pup11power
10:28 Feudal Age
11:05 Double-Bit Axe
11:39 Man-at-Arms
12:16 Loom
15:44 Wheelbarrow
14:59 Horse Collar
16:34 Gold Mining
17:13 Scale Mail Armor
22:10 Castle Age
23:48 Chain Mail Armor
23:41 Scale Barding Armor
23:18 Light Cavalry
25:35 Fletching
26:06 Bloodlines
31:21 Hand Cart
33:38 Chain Barding Armor
36:24 Elite Skirmisher
38:01 Town Watch
41:01 Bodkin Arrow
Connection lost

Rejoining the realm…

Still unreachable

The connection could not be restored.

Session expired

The server has moved on; the page needs a fresh start.